General information
- name: BNet
- type: Ladder 1vs1/FFA
- host: Battle.net
- saver: gaybabby420
map: TidewaterGlades
- players: 2
- length: 10:04
- speed: Fast
- version: 1.24 W3XP
- replay type: Public
» download(41 KB)
Players
team 1 (loser)
Blinkdagger (
blue | 139 APM | 1399 actions | 10:02)
2 Blademaster
1 Wind Walk
1 Critical Strike
1 Tauren Chieftain
1 Shockwave
» actions
| Assign group hotkey | 28 | |
| Basic commands | 9 | |
| Build / train | 28 | |
| ESC pressed | 1 | |
| Enter build submenu | 12 | |
| Enter hero's abilities submenu | 3 | |
| Give item / drop item | 1 | |
| Remove unit from queue | 1 | |
| Right click | 850 | |
| Select / deselect | 192 | |
| Select group hotkey | 231 | |
| Use ability | 43 | |
1399 total
» units
» buildings
| Altar of Storms | 1 | |
| Orc Burrow | 3 | |
| Barracks | 1 | |
| Voodoo Lounge | 1 | |
| Stronghold | 1 | |
| War Mill | 1 | |
| Watch Tower | 4 | |
12 total
» build order
00:09 Altar of Storms
00:16 Orc Burrow
00:36 Barracks
01:51 Orc Burrow
02:07 Voodoo Lounge
03:19 Stronghold
04:56 Orc Burrow
04:58 War Mill
07:28 Watch Tower
07:32 Watch Tower
07:36 Watch Tower
07:57 Watch Tower
» items
| Healing Salve | 3 | |
| Boots of Speed | 3 | |
| Lesser Clarity Potion | 1 | |
7 total
team 2 (winner)

»
gaybabby420 (
teal | 120 APM | 1213 actions | 10:04)
2 Blood Mage
1 Siphon Mana
1 Banish
» actions
| Assign group hotkey | 279 | |
| Basic commands | 28 | |
| Build / train | 55 | |
| ESC pressed | 1 | |
| Enter build submenu | 29 | |
| Enter hero's abilities submenu | 2 | |
| Give item / drop item | 1 | |
| Right click | 396 | |
| Select / deselect | 146 | |
| Select group hotkey | 203 | |
| Use ability | 73 | |
1213 total
» units
» upgrades
» buildings
| Altar of Kings | 1 | |
| Farm | 7 | |
| Barracks | 1 | |
| Lumber Mill | 1 | |
| Arcane Vault | 2 | |
| Scout Tower | 17 | |
| Guard Tower | 15 | |
44 total
» build order
00:10 Altar of Kings
00:35 Farm
00:52 Barracks
01:05 Farm
01:31 Farm
01:37 Lumber Mill
02:26 Arcane Vault
03:09 Farm
04:57 Farm
05:51 Scout Tower
05:52 Scout Tower
05:52 Scout Tower
06:06 Guard Tower
06:13 Guard Tower
06:14 Scout Tower
06:15 Scout Tower
06:15 Scout Tower
06:24 Guard Tower
06:41 Guard Tower
07:24 Arcane Vault
07:28 Scout Tower
07:28 Scout Tower
07:39 Farm
07:40 Farm
07:45 Guard Tower
07:52 Scout Tower
07:53 Scout Tower
07:55 Guard Tower
07:57 Guard Tower
07:57 Guard Tower
07:57 Guard Tower
07:58 Guard Tower
08:15 Guard Tower
08:16 Guard Tower
08:29 Scout Tower
08:29 Scout Tower
08:30 Scout Tower
09:00 Guard Tower
09:03 Guard Tower
09:47 Scout Tower
09:48 Scout Tower
09:48 Scout Tower
09:49 Scout Tower
» items
| Scroll of Regeneration | 3 | |
| Lesser Clarity Potion | 3 | |
6 total
Chat log
(00:21 / All) Blinkdagger: gl hf
(00:24 / All) gaybabby420: glhf!!